[Event "Titled Tuesday Blitz June 27 Early 2023"]
[White "Miszler, Levente"]
[Black "Mohamed Anees M"]
[WhiteFideId "763276"]
[BlackFideId "35065815"]
[WhiteElo "2455"]
[BlackElo "2599"]
[Result "1-0"]
[Round "5"]
[TimeControl "180+2"]
[Date "2023.06.27"]
[WhiteClock "0:00:10"]
[BlackClock "0:01:03"]
[Board "116"]

1. e4 c5 2. Nf3 e6 3. d4 cxd4 4. Nxd4 Nc6 5. c4 Nf6 6. Nc3 Bb4 7. Nxc6 dxc6 8. Qxd8+ Kxd8 9. Bd3 e5 10. Bd2 a5 11. O-O-O Kc7 12. f3 Be6 13. Kc2 h6 14. a3 Bc5 15. g3 a4 16. f4 b5 17. fxe5 Ng4 18. cxb5 Bb3+ 19. Kc1 Nf2 20. Bc2 Nxd1 21. Rxd1 Bxc2 22. Kxc2 Rhd8 23. bxc6 Kxc6 24. Nd5 Rab8 25. Bc3 h5 26. Rf1 Rb7 27. Rf5 Rh8 28. h3 Rd7 29. Rf3 Rh6 30. Bd2 Re6 31. Bc3 Rg6 32. Rd3 Kb7 33. Rf3 Re6 34. Kd3 Re8 35. Kc4 Kc6 36. Rf5 Rh8 37. Rf3 Rh6 38. Rf5 Rb7 39. Rf3 Rg6 40. Bd4 Bxd4 41. Kxd4 Rb3 42. Nc3 Rxb2 43. Nxa4 Rd2+ 44. Ke3 Rg2 45. Kf4 Kb5 46. Nc3+ Kc4 47. Nd5 Kd4 48. Ne3 Ra2 49. Nf5+ Kc4 50. Nd6+ Kc5 51. Nxf7 Ra6 52. Kf5 R2xa3 53. Rxa3 Rxa3 54. e6 Kc6 55. Ne5+ Kc7 56. e7 Ra8 57. Ke6 g5 58. Kf7 Kd6 59. Ng6 Ra7 60. Kf8 Rxe7 61. Nxe7 Ke5 62. Ng6+ Kxe4 63. Kg7 Kf3 64. h4 gxh4 65. gxh4 Kg3 66. Kf6 Kg4 67. Ke5 Kf3 68. Kf5 Kg3 69. Kg5 1-0


[Site "https://www.chess.com"]

[Event "Titled Tuesday Blitz June 27 Early 2023"]
[White "Ingebretsen, Jens E"]
[Black "whiteglovethief"]
[WhiteFideId "1522965"]
[WhiteElo "2599"]
[BlackElo "2447"]
[Result "1/2-1/2"]
[Round "5"]
[TimeControl "180+2"]
[Date "2023.06.27"]
[WhiteClock "0:00:07"]
[BlackClock "0:00:14"]
[Board "117"]

1. d4 Nf6 2. c4 e6 3. Nc3 Bb4 4. e3 c5 5. Bd3 O-O 6. Nf3 Nc6 7. O-O d5 8. a3 Bxc3 9. bxc3 dxc4 10. Bxc4 Qc7 11. Bb2 Rd8 12. Qe2 b6 13. e4 cxd4 14. cxd4 Bb7 15. Rac1 Qe7 16. Rfe1 Rac8 17. d5 exd5 18. Bxf6 Qxf6 19. Bxd5 Na5 20. e5 Qe7 21. Rxc8 Rxc8 22. Qa2 Bxd5 23. Qxd5 Rd8 24. Qa2 Nc6 25. e6 fxe6 26. Rxe6 Qf7 27. Qe2 Qd7 28. g3 Qd1+ 29. Qxd1 Rxd1+ 30. Kg2 Na5 31. Ng5 g6 32. Re7 h6 33. Ne6 Re1 34. Rg7+ Kh8 35. Rxg6 Kh7 36. Nf4 Nc4 37. a4 Ra1 38. Rc6 Rxa4 39. Rc7+ Kg8 40. Nd5 Ne5 41. h4 Rd4 42. Nf6+ Kf8 43. f4 Nc4 44. Rxa7 b5 45. Nd7+ Ke8 46. Ne5 Nxe5 47. fxe5 Re4 48. Rh7 Rxe5 49. Rxh6 Kd7 50. Rb6 Kc7 51. Ra6 b4 52. Kf3 b3 53. Ra1 Kc6 54. Kf4 Re2 55. g4 b2 56. Rb1 Kc5 57. h5 Kc4 58. h6 Rh2 59. g5 Kb3 60. Kf5 Kc2 61. Rxb2+ Kxb2 62. Kg6 Kc3 63. h7 Kd4 64. Kg7 Ke5 65. g6 Kf5 66. Kf7 Rh6 67. g7 Rxh7 68. Kf8 Rxg7 69. Kxg7 1/2-1/2


[Site "https://www.chess.com"]

[Event "Titled Tuesday Blitz June 27 Early 2023"]
[White "Rios Escobar, Adan"]
[Black "Niekras, Dawid"]
[WhiteFideId "3403645"]
[BlackFideId "1160451"]
[WhiteElo "2449"]
[BlackElo "2596"]
[Result "0-1"]
[Round "5"]
[TimeControl "180+2"]
[Date "2023.06.27"]
[WhiteClock "0:00:08"]
[BlackClock "0:00:22"]
[Board "118"]

1. d4 Nf6 2. g3 g6 3. Bg2 Bg7 4. e4 O-O 5. Ne2 d6 6. O-O c5 7. dxc5 dxc5 8. e5 Qxd1 9. Rxd1 Nfd7 10. f4 Nc6 11. Be3 f6 12. e6 Nb6 13. f5 gxf5 14. Nf4 Bh6 15. Bxc5 Bxf4 16. gxf4 Bxe6 17. Re1 Kf7 18. Nc3 Rg8 19. Kf2 Nd7 20. Ba3 Nf8 21. Rad1 Rd8 22. Rxd8 Nxd8 23. Bf3 Nc6 24. Nd5 Bxd5 25. Bxd5+ e6 26. Bb3 Nd4 27. Re3 Rg4 28. Bxf8 Rxf4+ 29. Ke1 Kxf8 30. Bxe6 Nxc2+ 31. Kd2 Nxe3 32. Kxe3 Re4+ 33. Kf3 Rxe6 34. Kf4 Re5 35. h4 Kf7 36. h5 Ke6 37. b4 Re4+ 38. Kf3 Rxb4 39. a3 Ra4 40. h6 Ke5 41. Kg3 Rxa3+ 42. Kh4 Rb3 43. Kh5 Rh3# 0-1


[Site "https://www.chess.com"]

[Event "Titled Tuesday Blitz June 27 Early 2023"]
[White "Williams, Simon K"]
[Black "Titichoca Daza, Daniel"]
[WhiteFideId "404454"]
[BlackFideId "3309550"]
[WhiteElo "2593"]
[BlackElo "2442"]
[Result "0-1"]
[Round "5"]
[TimeControl "180+2"]
[Date "2023.06.27"]
[WhiteClock "0:00:00"]
[BlackClock "0:00:08"]
[Board "119"]

1. d4 Nf6 2. c4 e6 3. Nf3 d5 4. Nc3 dxc4 5. e4 b5 6. Nxb5 Nxe4 7. Bxc4 Nd6 8. Bd3 Be7 9. O-O O-O 10. Nxd6 cxd6 11. Re1 Bb7 12. Bf4 Nd7 13. Nd2 Nf6 14. h3 Nd5 15. Bh2 Rc8 16. a3 g6 17. Nf1 Qb6 18. Be4 Bf6 19. Qd2 Qxd4 20. Qxd4 Bxd4 21. Bxd6 Rfd8 22. Bg3 Ba6 23. Rab1 Nb6 24. Red1 Bf6 25. b3 Kg7 26. Ne3 Rxd1+ 27. Rxd1 h5 28. a4 Rc3 29. b4 Nxa4 30. Rd7 h4 31. Bd6 Nb6 32. Rxa7 Nc8 33. Rxa6 Rc1+ 34. Nf1 Re1 35. Bf3 Bd4 36. Bc5 Be5 37. Ra8 Nd6 38. Bxd6 Bxd6 39. b5 Rb1 40. Ra6 Bc5 41. Be2 Rb2 42. Rc6 Bd4 43. Rd6 e5 44. Bc4 Rxf2 45. Bd5 Rf6+ 46. Kh1 Rxd6 47. Bc6 Bf2 0-1


[Site "https://www.chess.com"]

[Event "Titled Tuesday Blitz June 27 Early 2023"]
[White "Ovchinnikov, Vsevolod"]
[Black "Lacasa Diaz, Jose Antonio"]
[WhiteFideId "24176842"]
[BlackFideId "2203375"]
[WhiteElo "2593"]
[BlackElo "2439"]
[Result "1-0"]
[Round "5"]
[TimeControl "180+2"]
[Date "2023.06.27"]
[WhiteClock "0:00:07"]
[BlackClock "0:00:00"]
[Board "120"]

1. d4 d5 2. c4 e6 3. Nf3 c5 4. g3 cxd4 5. Nxd4 e5 6. Nf3 d4 7. Bg2 Nc6 8. O-O e4 9. Ne1 Nf6 10. Bg5 Bf5 11. Nd2 Qe7 12. Bxf6 gxf6 13. Qb1 d3 14. exd3 exd3 15. Nef3 O-O-O 16. Re1 Qd7 17. a3 Nd4 18. Nxd4 Qxd4 19. Qd1 Bg4 20. Qb3 Qb6 21. Qxb6 axb6 22. h3 Be6 23. Rad1 f5 24. Bf1 Bg7 25. b4 Bb2 26. Re3 Bxa3 27. Rb1 f4 28. gxf4 Rhe8 29. Rb3 Bc1 30. Rexd3 Bxd2 31. Rf3 Be1 32. Kh2 Rd2 33. Bg2 Rxf2 34. Rxf2 Bxf2 35. Rc3 Be1 36. Rc1 Bxb4 37. Rc2 Bc5 38. Bf3 Rd8 39. Rg2 Rd3 40. Be4 Rd4 41. Bxh7 Rxf4 42. Re2 Bd6 43. Be4 Rxe4+ 44. Kg1 Rxe2 45. Kf1 Rc2 46. Ke1 1-0


[Site "https://www.chess.com"]

[Event "Titled Tuesday Blitz June 27 Early 2023"]
[White "Ibadov, Dashgyn"]
[Black "Itkis, Boris"]
[WhiteFideId "24107514"]
[BlackFideId "1209167"]
[WhiteElo "2592"]
[BlackElo "2435"]
[Result "1-0"]
[Round "5"]
[TimeControl "180+2"]
[Date "2023.06.27"]
[WhiteClock "0:00:38"]
[BlackClock "0:00:08"]
[Board "121"]

1. e4 e6 2. d4 d5 3. Nc3 Bb4 4. e5 c5 5. a3 Bxc3+ 6. bxc3 Ne7 7. h4 Qc7 8. h5 h6 9. Rb1 b6 10. Qg4 Rg8 11. Bd3 Nf5 12. Ne2 c4 13. Bxf5 exf5 14. Qf4 Be6 15. a4 Nc6 16. Ba3 O-O-O 17. Bd6 Qb7 18. Kd2 Qa6 19. Ra1 Na5 20. Rhg1 Nb7 21. Bb4 Na5 22. Qe3 Nc6 23. Rgb1 Rge8 24. Nf4 Qb7 25. a5 b5 26. a6 Qb6 27. Bc5 Qb8 28. Qg3 f6 29. exf6 gxf6 30. Re1 Bf7 31. Re3 Re4 32. Rxe4 dxe4 33. Qh4 Qe5 34. g3 Qxc5 35. Qxf6 b4 36. Qxf7 bxc3+ 37. Kc1 Qb6 38. Rb1 Nb4 39. Qb7+ Qxb7 40. axb7+ Kc7 41. Rxb4 Rxd4 42. b8=Q+ 1-0


[Site "https://www.chess.com"]

[Event "Titled Tuesday Blitz June 27 Early 2023"]
[White "HamedWafa4"]
[Black "Omariev, Maksim"]
[BlackFideId "4193423"]
[WhiteElo "2592"]
[BlackElo "2430"]
[Result "1-0"]
[Round "5"]
[TimeControl "180+2"]
[Date "2023.06.27"]
[WhiteClock "0:01:33"]
[BlackClock "0:00:00"]
[Board "122"]

1. e4 c5 2. Nf3 d6 3. Bb5+ Nd7 4. O-O a6 5. Be2 e5 6. a4 b6 7. Re1 Bb7 8. Bf1 Ngf6 9. d3 g6 10. h3 Bg7 11. g4 O-O 12. Bg2 d5 13. Nc3 d4 14. Ne2 b5 15. Ng3 c4 16. g5 Ne8 17. h4 Nc5 18. h5 cxd3 19. cxd3 bxa4 20. Bh3 Bc6 21. Kh2 Bb5 22. Ra3 Nc7 23. Rg1 N7e6 24. Nf5 gxf5 25. exf5 Nf4 26. Bxf4 exf4 27. h6 Bh8 28. g6 fxg6 29. fxg6 hxg6 30. Rxg6+ Kf7 31. Qg1 Rg8 32. Bf5 Ke7 33. Qg5+ 1-0


[Site "https://www.chess.com"]

[Event "Titled Tuesday Blitz June 27 Early 2023"]
[White "Domingo Nunez, Ruben"]
[Black "Luukkonen, Tommi"]
[WhiteFideId "22245570"]
[BlackFideId "501808"]
[WhiteElo "2578"]
[BlackElo "2429"]
[Result "0-1"]
[Round "5"]
[TimeControl "180+2"]
[Date "2023.06.27"]
[WhiteClock "0:00:00"]
[BlackClock "0:01:14"]
[Board "123"]

1. c4 e5 2. Nc3 Bb4 3. g3 Bxc3 4. bxc3 d6 5. Bg2 Nc6 6. Rb1 Nge7 7. Nh3 O-O 8. O-O b6 9. f4 Bb7 10. fxe5 dxe5 11. d4 Rb8 12. d5 Na5 13. Qa4 Ba6 14. Rb4 Qe8 15. Ba3 c5 16. dxc6 Nexc6 17. Bxc6 Qxc6 18. Qxc6 Nxc6 19. Ra4 Na5 20. Bxf8 Rxf8 21. c5 Bxe2 22. Re1 Bb5 23. Rb4 Bd7 24. Rh4 f6 25. Nf2 bxc5 26. Ne4 Rc8 27. Rd1 Be6 28. Nd2 Rd8 29. Kf2 Nc4 30. Ke2 Nb2 31. Rb1 Nd3 32. Rb7 Nc1+ 33. Kd1 Nxa2 34. Kc2 Bf5+ 35. Kd1 Nxc3+ 36. Ke1 e4 37. Rxa7 e3 0-1


[Site "https://www.chess.com"]

[Event "Titled Tuesday Blitz June 27 Early 2023"]
[White "Koepke, Christian"]
[Black "Nozdrachev, Leonid"]
[WhiteFideId "4655737"]
[BlackFideId "24113433"]
[WhiteElo "2415"]
[BlackElo "2574"]
[Result "1/2-1/2"]
[Round "5"]
[TimeControl "180+2"]
[Date "2023.06.27"]
[WhiteClock "0:00:08"]
[BlackClock "0:00:09"]
[Board "124"]

1. Nf3 c5 2. e4 e6 3. d4 cxd4 4. Nxd4 Nf6 5. Nc3 Bb4 6. e5 Ne4 7. Qg4 Qa5 8. Qxe4 Bxc3+ 9. bxc3 Qxc3+ 10. Kd1 Qxa1 11. Nb5 Nc6 12. Nc7+ Kd8 13. Nxa8 Qxe5 14. Qh4+ f6 15. Bd3 b6 16. Qg3 Qxg3 17. hxg3 Bb7 18. Nxb6 axb6 19. Rxh7 Rxh7 20. Bxh7 Nb4 21. a3 Nd5 22. Bd2 f5 23. Bg6 Ke7 24. Bh5 Nf6 25. Bf3 Be4 26. Bb4+ d6 27. Bc3 Bxf3+ 28. gxf3 e5 29. a4 Ke6 30. Ke2 Kd5 31. Kd3 Nd7 32. Bb4 e4+ 33. fxe4+ fxe4+ 34. Ke3 Ne5 35. Bc3 Nc4+ 36. Kf4 g6 37. Kg5 Na3 38. Kxg6 Nxc2 39. g4 Kc4 40. Bf6 d5 41. Kf5 e3 42. fxe3 Nxe3+ 43. Kf4 Nxg4 44. Kxg4 Kb4 45. Bd4 Kxa4 46. Bxb6 Kb5 47. Bf2 Kc4 48. Kf3 Kd3 49. Ba7 d4 50. Bxd4 1/2-1/2


[Site "https://www.chess.com"]

[Event "Titled Tuesday Blitz June 27 Early 2023"]
[White "Gontcharov, Vladislav"]
[Black "Manukian, Artak"]
[WhiteFideId "4123492"]
[BlackFideId "13301373"]
[WhiteElo "2572"]
[BlackElo "2407"]
[Result "0-1"]
[Round "5"]
[TimeControl "180+2"]
[Date "2023.06.27"]
[WhiteClock "0:00:00"]
[BlackClock "0:00:07"]
[Board "125"]

1. d4 Nf6 2. c4 e6 3. Nc3 Bb4 4. e3 d5 5. Nf3 O-O 6. Bd3 a6 7. O-O dxc4 8. Bxc4 b5 9. Bd3 c5 10. a3 cxd4 11. exd4 Be7 12. Re1 Bb7 13. Bg5 Nbd7 14. Qe2 Nb6 15. Rad1 Rc8 16. Ne5 Nbd5 17. Ne4 Nxe4 18. Qxe4 f5 19. Bxe7 Qxe7 20. Qf3 Nc3 21. Qg3 Nxd1 22. Rxd1 Be4 23. Bf1 f4 24. Qh3 f3 25. Re1 fxg2 26. Bxg2 Bxg2 27. Qxg2 Rf6 28. Kh1 Rcf8 29. f3 Qd6 30. Qd2 Qd5 31. Qe3 h6 32. Kg2 g5 33. Qe4 Rf4 34. Qxd5 exd5 35. Rd1 Rc8 36. Rd2 Kg7 37. Nd7 Rc4 38. Nc5 Kf6 39. Nb3 a5 40. Re2 a4 41. Nc5 Rfxd4 42. Nd7+ Kf7 43. Ne5+ Kf6 44. Nxc4 bxc4 45. Kg3 h5 46. Re8 Rd3 47. Rf8+ Ke5 48. Rh8 g4 49. Rxh5+ Kd4 50. Kxg4 Rb3 51. Rh8 Rxb2 52. h4 c3 53. Rc8 Rh2 54. Kg3 Rh1 55. f4 Kd3 56. f5 c2 57. f6 c1=Q 58. Rxc1 Rxc1 59. Kg4 Rf1 60. Kg5 Ke4 61. h5 Ke5 62. h6 Rxf6 63. h7 Rf8 0-1


[Site "https://www.chess.com"]

[Event "Titled Tuesday Blitz June 27 Early 2023"]
[White "Guerra Tulcan, Lenin"]
[Black "Hoffmann, Asa"]
[WhiteFideId "3601382"]
[BlackFideId "2001470"]
[WhiteElo "2571"]
[BlackElo "2405"]
[Result "1-0"]
[Round "5"]
[TimeControl "180+2"]
[Date "2023.06.27"]
[WhiteClock "0:01:18"]
[BlackClock "0:00:00"]
[Board "126"]

1. e4 d6 2. d4 Nf6 3. Bd3 e5 4. dxe5 dxe5 5. Ne2 Bc5 6. O-O Nc6 7. Nd2 O-O 8. Ng3 Be6 9. Nc4 h6 10. Be3 Bxc4 11. Bxc5 Bxd3 12. cxd3 Re8 13. Nf5 Kh7 14. Qf3 g6 15. Ne3 Re6 16. Rad1 Nd4 17. Bxd4 Qxd4 18. Qe2 Rd8 19. f4 Ng4 20. Qxg4 Qxe3+ 21. Kh1 Rxd3 22. fxe5 Rxd1 23. Qxd1 Qxe4 24. Rxf7+ Kg8 25. Rxc7 Qxe5 26. Rc8+ Kg7 27. h3 Qe1+ 28. Qxe1 Rxe1+ 29. Kh2 Re7 30. Kg3 Rf7 31. Ra8 a6 32. Rb8 h5 33. Kh4 Rf4+ 34. g4 Rb4 35. b3 hxg4 36. hxg4 a5 37. Rc8 b5 38. Kg5 a4 39. Rc7+ Kf8 40. Rb7 axb3 41. axb3 Rxb3 42. Kxg6 Rc3 43. Rb8+ Ke7 44. Rxb5 Rc6+ 45. Kg7 Rc7 46. g5 Ke6+ 47. Kg6 Rc6 48. Rb1 Ke7+ 49. Kh7 Re6 50. g6 1-0


[Site "https://www.chess.com"]

[Event "Titled Tuesday Blitz June 27 Early 2023"]
[White "Topalov, Aleksandar"]
[Black "Mendez Fortes, Eduardo Jesus"]
[WhiteFideId "925659"]
[BlackFideId "3502376"]
[WhiteElo "2402"]
[BlackElo "2570"]
[Result "0-1"]
[Round "5"]
[TimeControl "180+2"]
[Date "2023.06.27"]
[WhiteClock "0:00:04"]
[BlackClock "0:00:27"]
[Board "127"]

1. b3 d5 2. Bb2 Nf6 3. Nf3 e6 4. e3 c5 5. d4 Nc6 6. Nbd2 Bd6 7. Bd3 O-O 8. a3 b6 9. Ne5 Bb7 10. O-O Nd7 11. Nxd7 Qxd7 12. dxc5 bxc5 13. Qh5 g6 14. Qg5 f5 15. f4 e5 16. fxe5 Nxe5 17. Nf3 Nxd3 18. cxd3 Rae8 19. Rae1 Ba6 20. Nh4 Be7 21. Qg3 Qe6 22. Rd1 Bd6 23. Qg5 Qxe3+ 24. Qxe3 Rxe3 25. Rf3 Rfe8 26. Rd2 Re1+ 27. Kf2 Bxh2 28. g3 Bg1+ 29. Kg2 Be3 30. Rc2 Bxd3 0-1


[Site "https://www.chess.com"]

[Event "Titled Tuesday Blitz June 27 Early 2023"]
[White "Buscar, Michael"]
[Black "Aloma Vidal, Robert"]
[WhiteFideId "2603616"]
[BlackFideId "2260409"]
[WhiteElo "2402"]
[BlackElo "2569"]
[Result "0-1"]
[Round "5"]
[TimeControl "180+2"]
[Date "2023.06.27"]
[WhiteClock "0:00:24"]
[BlackClock "0:01:12"]
[Board "128"]

1. d4 d5 2. c4 c6 3. Nf3 Nf6 4. g3 Bf5 5. Bg2 e6 6. O-O h6 7. cxd5 exd5 8. Ne5 Nbd7 9. Nxd7 Qxd7 10. Nd2 Be7 11. Nf3 O-O 12. Ne5 Qe6 13. Qb3 Rab8 14. Bf4 Nh5 15. Nd3 Nxf4 16. Nxf4 Qd7 17. Qc3 Rfe8 18. Rfe1 Bd6 19. Nd3 Be4 20. Nc5 Bxc5 21. Qxc5 a6 22. b4 Bxg2 23. Kxg2 h5 24. h4 Re4 25. a4 Rbe8 26. e3 Qf5 27. b5 axb5 28. axb5 g5 29. hxg5 h4 30. gxh4 Rxh4 31. Qd6 Qh3+ 32. Kg1 Qh1# 0-1


[Site "https://www.chess.com"]

[Event "Titled Tuesday Blitz June 27 Early 2023"]
[White "Sreyas Payyappat"]
[Black "Mickiewicz, Piotr"]
[WhiteFideId "46674969"]
[BlackFideId "1114891"]
[WhiteElo "2567"]
[BlackElo "2382"]
[Result "0-1"]
[Round "5"]
[TimeControl "180+2"]
[Date "2023.06.27"]
[WhiteClock "0:00:10"]
[BlackClock "0:00:40"]
[Board "129"]

1. e4 c6 2. d4 d5 3. Nc3 dxe4 4. Nxe4 Bf5 5. Ng3 Bg6 6. Nf3 Nd7 7. h4 h6 8. Bd3 Bxd3 9. Qxd3 e6 10. Bd2 Ngf6 11. O-O-O Be7 12. Rde1 a5 13. Ne4 Nxe4 14. Qxe4 Nf6 15. Qe2 a4 16. g4 Nd5 17. c4 Nc7 18. Bc3 b5 19. d5 bxc4 20. dxc6 a3 21. Qxc4 axb2+ 22. Kb1 O-O 23. Ne5 Nd5 24. Bxb2 Qa5 25. Nd7 Rfc8 26. a3 Ra6 27. Qd4 Bf6 28. Nxf6+ gxf6 29. g5 h5 30. gxf6 Rb8 31. Rhg1+ Kf8 32. Rg5 Qxe1+ 33. Ka2 Nb4+ 34. Kb3 Nxc6+ 0-1


[Site "https://www.chess.com"]

[Event "Titled Tuesday Blitz June 27 Early 2023"]
[White "Janaszak, Dawid"]
[Black "Tarasova, Viktoriya"]
[WhiteFideId "1119206"]
[BlackFideId "4175840"]
[WhiteElo "2565"]
[BlackElo "2366"]
[Result "1-0"]
[Round "5"]
[TimeControl "180+2"]
[Date "2023.06.27"]
[WhiteClock "0:00:06"]
[BlackClock "0:00:00"]
[Board "130"]

1. e4 e5 2. Nc3 Nf6 3. g3 Bc5 4. Bg2 Nc6 5. d3 h6 6. Be3 Bxe3 7. fxe3 d6 8. Qd2 O-O 9. O-O-O a6 10. Nge2 b5 11. Rdf1 b4 12. Nd5 Nxd5 13. exd5 Ne7 14. Qxb4 Bd7 15. Nc3 Rb8 16. Qa5 Qc8 17. d4 exd4 18. exd4 Nf5 19. Rf4 Ne3 20. Bf1 Qb7 21. b3 Nxf1 22. Rhxf1 Rbe8 23. Kb2 Re7 24. R1f2 Rfe8 25. a3 f6 26. Qb4 Qa7 27. Qc4 Re1 28. Qd3 a5 29. Rxf6 a4 30. Rf7 R1e3 31. Rf8+ Rxf8 32. Rxf8+ Kxf8 33. Qxe3 axb3 34. cxb3 Kg8 35. a4 Qa6 36. Qe7 Qd3 37. Qxd7 Qd2+ 38. Ka3 Qxc3 39. Qc6 Qa1+ 40. Kb4 Qxd4+ 41. Kb5 Qd3+ 42. Qc4 Qd2 43. a5 Qxh2 44. a6 Qa2 45. Qxc7 Qxb3+ 46. Kc6 Qc4+ 47. Kd7 Qxa6 48. Qxd6 Qb7+ 49. Kd8 Qa8+ 50. Kc7 Qa7+ 51. Kc8 Qa8+ 52. Kd7 Qb7+ 53. Ke6 Qf7+ 54. Ke5 Qf1 55. Qe6+ Kh8 56. d6 Qe1+ 57. Kd5 Qd1+ 58. Kc6 Qc2+ 59. Kb7 Qb1+ 60. Kc8 Qc2+ 61. Kd8 Qc3 62. g4 Qa5+ 63. Ke7 Qa7+ 64. d7 Qc5+ 65. Ke8 Qb5 66. Kf7 Qf1+ 67. Kg6 Qd3+ 68. Qf5 Qd6+ 69. Kf7 Qd1 70. Qe6 Qf1+ 71. Ke7 Qd1 72. d8=Q+ Qxd8+ 73. Kxd8 1-0


[Site "https://www.chess.com"]

[Event "Titled Tuesday Blitz June 27 Early 2023"]
[White "Dishman, Stephen"]
[Black "Degenbaev, Aziz"]
[WhiteFideId "403024"]
[BlackFideId "13802640"]
[WhiteElo "2363"]
[BlackElo "2561"]
[Result "0-1"]
[Round "5"]
[TimeControl "180+2"]
[Date "2023.06.27"]
[WhiteClock "0:00:47"]
[BlackClock "0:01:08"]
[Board "131"]

1. c4 Nf6 2. g3 g6 3. Bg2 Bg7 4. Nf3 c5 5. O-O Nc6 6. Nc3 O-O 7. d4 d6 8. dxc5 dxc5 9. Bf4 Nh5 10. Be3 Nd4 11. Rc1 Bf5 12. Qa4 e5 13. Rfd1 Qc8 14. b4 cxb4 15. Nb5 Nxe2+ 16. Kh1 Nxc1 17. Nd6 Qd7 18. Qxb4 Nd3 19. Qa3 Rad8 20. c5 e4 21. Nh4 Bg4 22. Rxd3 exd3 23. Bxb7 Rb8 24. c6 Qe6 25. Qxd3 Bh3 26. c7 Rxb7 27. Nxb7 Qc6+ 28. f3 Qxb7 29. Qc2 Rc8 0-1


[Site "https://www.chess.com"]

[Event "Titled Tuesday Blitz June 27 Early 2023"]
[White "Adireddy Arjun"]
[Black "Sebag, Marie"]
[WhiteFideId "25647709"]
[BlackFideId "617822"]
[WhiteElo "2344"]
[BlackElo "2559"]
[Result "0-1"]
[Round "5"]
[TimeControl "180+2"]
[Date "2023.06.27"]
[WhiteClock "0:00:00"]
[BlackClock "0:00:27"]
[Board "132"]

1. e4 c6 2. d4 d5 3. exd5 cxd5 4. Nf3 Nc6 5. Bd3 Bg4 6. c3 e6 7. O-O Bd6 8. Re1 Qc7 9. h3 Bh5 10. Nbd2 Nge7 11. Nf1 h6 12. Be2 g5 13. N3d2 Bxe2 14. Qxe2 Ng6 15. Nf3 O-O-O 16. b4 Kb8 17. a4 Nf4 18. Bxf4 Bxf4 19. a5 h5 20. g3 g4 21. N3h2 Bd6 22. hxg4 hxg4 23. Nxg4 f5 24. Ne5 Bxe5 25. dxe5 Rh6 26. Nh2 Rdh8 27. Nf3 Qh7 28. Kg2 f4 29. Nh4 fxg3 30. fxg3 Rg8 31. Kh3 Qf5+ 32. g4 Qg5 33. Qf2 Rgh8 0-1


[Site "https://www.chess.com"]

[Event "Titled Tuesday Blitz June 27 Early 2023"]
[White "Vifleemskaia, Svetlana"]
[Black "Sargsyan, Anna M."]
[WhiteFideId "4129490"]
[BlackFideId "13308130"]
[WhiteElo "2335"]
[BlackElo "2559"]
[Result "0-1"]
[Round "5"]
[TimeControl "180+2"]
[Date "2023.06.27"]
[WhiteClock "0:00:16"]
[BlackClock "0:02:20"]
[Board "133"]

1. d4 d5 2. c4 c6 3. cxd5 cxd5 4. Bf4 Nc6 5. Nc3 e5 6. dxe5 d4 7. Ne4 Qa5+ 8. Bd2 Qxe5 9. Ng3 Bg4 10. Qa4 Nf6 11. O-O-O Be7 12. Kb1 O-O 13. Nf3 Qd5 14. h3 Be6 15. e4 Nxe4 16. Nxe4 Qxe4+ 17. Qc2 Bxa2+ 18. Kc1 Qd5 19. Bd3 Rac8 20. Bf5 Nb4 21. Bxc8 Nxc2 0-1


[Site "https://www.chess.com"]

[Event "Titled Tuesday Blitz June 27 Early 2023"]
[White "Spichkin, Alexander"]
[Black "NicolaiMaxime"]
[WhiteFideId "4144074"]
[WhiteElo "2328"]
[BlackElo "2556"]
[Result "0-1"]
[Round "5"]
[TimeControl "180+2"]
[Date "2023.06.27"]
[WhiteClock "0:01:02"]
[BlackClock "0:01:13"]
[Board "134"]

1. f4 d5 2. Nf3 Nh6 3. e3 Nf5 4. Be2 g6 5. O-O Bg7 6. Qe1 O-O 7. d3 b6 8. Nc3 Bb7 9. g4 Nd6 10. Qh4 e6 11. g5 Nf5 12. Qh3 d4 13. exd4 Nxd4 14. Nxd4 Bxd4+ 15. Be3 Bg7 16. Bf3 Bxf3 17. Qxf3 Nd7 18. Ne4 c5 19. c3 Qc7 20. Rad1 Rad8 21. h4 c4 22. Bd4 Bxd4+ 23. cxd4 cxd3 24. Rxd3 Kg7 25. h5 Rc8 26. Qh3 Qc6 27. hxg6 fxg6 28. Qh6+ Kg8 29. Rh3 Rf7 30. Ng3 Nf8 31. Nf5 exf5 0-1


[Site "https://www.chess.com"]

[Event "Titled Tuesday Blitz June 27 Early 2023"]
[White "Tologon tegin, Semetei"]
[Black "Rosh Jain"]
[WhiteFideId "13800574"]
[BlackFideId "25789465"]
[WhiteElo "2554"]
[BlackElo "2286"]
[Result "0-1"]
[Round "5"]
[TimeControl "180+2"]
[Date "2023.06.27"]
[WhiteClock "0:00:07"]
[BlackClock "0:00:11"]
[Board "135"]

1. g3 d5 2. Bg2 Nf6 3. d3 e5 4. Nf3 Nc6 5. a3 a5 6. c4 dxc4 7. Qa4 Bd7 8. Qxc4 Bd6 9. O-O O-O 10. Nc3 h6 11. Ne4 Be6 12. Nxf6+ Qxf6 13. Qb5 Ra7 14. Bd2 Rd8 15. Bc3 Qf5 16. Rac1 e4 17. Qxf5 Bxf5 18. Nh4 Bg4 19. dxe4 Bxe2 20. Rfe1 Bg4 21. h3 Be6 22. Nf5 f6 23. Nxd6 Rxd6 24. e5 fxe5 25. Bxe5 Nxe5 26. Rxe5 c6 27. Rce1 Kf7 28. f4 g6 29. g4 b5 30. Be4 Bb3 31. f5 gxf5 32. Rxf5+ Kg7 33. Rc1 Bc4 34. Rc5 Re7 35. Rxc6 Rd2 36. b3 Rxe4 37. bxc4 Ree2 38. cxb5 Rg2+ 39. Kf1 Rgf2+ 40. Kg1 Rg2+ 41. Kf1 Rdf2+ 42. Ke1 Rb2 43. Rc7+ Kf6 44. R1c6+ Kg5 45. Rg7+ Kf4 46. Rf7+ Kg3 47. Rc3+ Kh2 48. Rc1 Rg1+ 49. Rf1 Rgg2 50. Rf3 Rbe2+ 51. Kf1 Rd2 52. Ke1 Rde2+ 53. Kf1 Re4 54. b6 Rg1+ 55. Kf2 Rxc1 56. Rb3 Re8 57. b7 Rb8 58. Kf3 Rc7 59. Rb2+ Kxh3 60. Rb5 Rf7+ 61. Ke3 Rfxb7 62. Rxa5 Kxg4 63. Ra6 h5 64. Rg6+ Kh3 65. a4 h4 66. a5 Re7+ 67. Kd4 Kh2 68. a6 h3 69. Kc5 Rc7+ 70. Kd5 Ra7 71. Rc6 Rba8 72. Rc2+ Kg3 73. Rc3+ Kh4 74. Rc4+ Kg5 75. Rc3 Rxa6 76. Rxh3 Ra5+ 77. Kc6 R8a6+ 78. Kb7 Rg6 79. Rg3+ Kf6 80. Rf3+ Kg7 81. Kc7 Re5 82. Kd7 Ra5 83. Kc7 Ra7+ 84. Kb8 Rf7 85. Rc3 Kg8 86. Rc8+ Rf8 87. Rxf8+ Kxf8 88. Kc7 Rf6 89. Kd7 Kf7 90. Kd8 Re6 91. Kc8 Ke7 92. Kb8 Rc6 93. Ka8 Kd7 94. Ka7 Kc7 95. Ka8 Ra6# 0-1


[Site "https://www.chess.com"]

[Event "Titled Tuesday Blitz June 27 Early 2023"]
[White "Sarkar, Justin"]
[Black "Rodchenkov, Sergey D."]
[WhiteFideId "2010011"]
[BlackFideId "4168712"]
[WhiteElo "2284"]
[BlackElo "2554"]
[Result "0-1"]
[Round "5"]
[TimeControl "180+2"]
[Date "2023.06.27"]
[WhiteClock "0:00:00"]
[BlackClock "0:01:30"]
[Board "136"]

1. e4 c5 2. Nf3 d6 3. d4 cxd4 4. Nxd4 Nf6 5. Nc3 a6 6. a4 e5 7. Nf3 Be7 8. Bc4 O-O 9. O-O Nc6 10. h3 Be6 11. Bb3 Qd7 12. Bg5 g6 13. Bxf6 Bxf6 14. Nd5 Bd8 15. Qd2 Na5 16. Ba2 Rc8 17. Qh6 f6 18. Ne3 Nc4 19. Bxc4 Bxc4 20. Nxc4 Rxc4 21. c3 Rxe4 22. Rfd1 Be7 0-1


[Site "https://www.chess.com"]

[Event "Titled Tuesday Blitz June 27 Early 2023"]
[White "Marchesich, Giovanni"]
[Black "Yaksin, Oleg"]
[WhiteFideId "2824790"]
[BlackFideId "24105880"]
[WhiteElo "2264"]
[BlackElo "2553"]
[Result "1-0"]
[Round "5"]
[TimeControl "180+2"]
[Date "2023.06.27"]
[WhiteClock "0:00:13"]
[BlackClock "0:00:00"]
[Board "137"]

1. d4 Nf6 2. Nc3 d5 3. Bf4 a6 4. e3 c5 5. dxc5 e6 6. Na4 Nbd7 7. b4 a5 8. c3 Be7 9. Nf3 O-O 10. Bb5 Ne4 11. O-O Bf6 12. Rc1 g5 13. Bg3 h5 14. Bxd7 Bxd7 15. Nb6 h4 16. Be5 Bb5 17. Re1 Ra6 18. Bxf6 Qxf6 19. Qd4 axb4 20. Qxf6 Nxf6 21. cxb4 Rxa2 22. Ra1 Rb2 23. Reb1 Rxb1+ 24. Rxb1 Ne4 25. Nd4 Bc4 26. Ra1 Kg7 27. Ra7 g4 28. Rxb7 Kg6 29. f3 gxf3 30. gxf3 Nd2 31. Kf2 e5 32. Nc6 f6 33. Nd7 Ra8 34. Ra7 Rh8 35. Ne7+ Kg5 36. c6 Bb5 37. Rb7 Ba4 38. Nc5 Bxc6 39. Nxc6 Ra8 40. Ra7 Rc8 41. b5 Nc4 42. Ne6+ Kf5 43. Ne7+ Kxe6 44. Nxc8 d4 45. exd4 exd4 46. b6 d3 47. b7 d2 48. Ke2 1-0


[Site "https://www.chess.com"]